 Dungeon Crawl Stone Soup version 0.24.0-37-gcf1ca852f1 (webtiles) character file.

Game seed: 8993937090893314521, levelgen mode: deterministic

36484 FishyPogo the Nimble (level 13, -2/104 HPs)
             Began as a Gnoll Monk on Nov 30, 2019.
             Was a High Priest of Yredelemnul.
             Slain by a basilisk (11 damage)
             ... on level 4 of the Lair of Beasts.
             The game lasted 01:13:52 (14591 turns).

FishyPogo the Nimble (Gnoll Monk)                  Turns: 14591, Time: 01:13:53

Health: -2/104     AC: 22    Str: 16    XL:     13   Next: 90%
Magic:  23/34      EV: 12    Int: 26    God:    Yredelemnul [*****.]
Gold:   589        SH:  6    Dex: 15    Spells: 9/29 levels left

rFire    . . .     SeeInvis .   b - +8 flail of the Vendetta {flame, MP+9 Int+6}
rCold    + . .     Gourm    .   g - +0 buckler
rNeg     . . .     Faith    .   B - +1 chain mail "Cuvusk" {rElec rPois Int+3 Dex-4}
rPois    +         Spirit   .   C - +2 hat {Int+3}
rElec    +         Reflect  .   U - +2 cloak
rCorr    .         Harm     .   K - +0 pair of gloves
MR       .....                  y - +2 pair of boots
Stlth    ++........             F - amulet of regeneration
HPRegen  0.67/turn              W - ring of stealth
MPRegen  0.24/turn              Y - ring of protection from cold

@: very slightly contaminated
A: distributed training, fangs 1, strong nose
a: Recall Undead Slaves, Injury Mirror, Animate Dead, Drain Life, Enslave Soul,
Renounce Religion


You were on level 4 of the Lair of Beasts.
You worshipped Yredelemnul.
Yredelemnul was extremely pleased with you.
You were hungry.

You visited 4 branches of the dungeon, and saw 18 of its levels.
You also visited: Sewer, Bailey and Ice Cave.

You collected 1201 gold pieces.
You spent 612 gold pieces at shops.

Inventory:

Hand Weapons
 a - a +7 scimitar of flaming
 b - the +8 flail of the Vendetta (weapon) {flame, MP+9 Int+6}
   (You bought it in a shop on level 1 of the Snake Pit)

   It has been specially enchanted to burn those struck by it, causing extra
   injury to most foes and up to half again as much damage against particularly
   susceptible opponents.
   It affects your intelligence (+6).
   It affects your magic capacity (+9).
Missiles
 o - 44 poisoned darts
 O - 4 throwing nets
 Q - 9 boomerangs (quivered)
Armour
 g - a +0 buckler (worn)
 l - a +3 leather armour of fire resistance
 y - a +2 pair of boots (worn)
 B - the +1 chain mail "Cuvusk" (worn) {rElec rPois Int+3 Dex-4}
   (You found it on level 10 of the Dungeon)

   It affects your intelligence (+3).
   It affects your dexterity (-4).
   It insulates you from electricity.
   It protects you from poison.
 C - a +2 hat of intelligence (worn)
 G - a +2 robe of cold resistance
 K - a +0 pair of gloves (worn)
 U - a +2 cloak (worn)
Jewellery
 j - an uncursed ring of flight
 F - an amulet of regeneration (around neck)
 W - a ring of stealth (left hand)
 Y - a ring of protection from cold (right hand)
Wands
 e - a wand of clouds (4)
 E - a wand of flame (52)
 H - a wand of disintegration (18)
 I - a wand of iceblast (16)
 S - a wand of acid (13)
 V - a wand of paralysis (7)
Scrolls
 f - 6 scrolls of blinking
 p - 11 scrolls of remove curse
 s - 6 scrolls of fog
 v - 2 scrolls of random uselessness {unknown}
 w - 12 scrolls of identify
 z - 6 scrolls of vulnerability {unknown}
 D - 13 scrolls of teleportation
 J - 3 scrolls of enchant armour
 N - a scroll of holy word {unknown}
 R - a scroll of torment
 T - a scroll of summoning
 Z - 3 scrolls of immolation
Potions
 d - 2 potions of ambrosia {unknown}
 h - 2 potions of might
 i - 2 potions of agility
 k - 5 potions of heal wounds
 m - 3 potions of invisibility
 q - 7 potions of curing
 r - 4 potions of mutation
 t - 3 potions of brilliance
 u - 3 potions of haste
 x - 2 potions of flight
 A - a potion of berserk rage {unknown}
 M - 2 potions of resistance {unknown}
 P - 2 potions of lignification {unknown}
 X - a potion of magic
Comestibles
 c - 27 rations
 n - 2 chunks of flesh


   Skills:
 + Level 10.7 Fighting
 + Level 8.5 Short Blades
 + Level 8.5 Long Blades
 + Level 8.5 Axes
 + Level 10.7 Maces & Flails
 + Level 8.5 Polearms
 + Level 8.5 Staves
 + Level 8.5 Slings
 + Level 8.5 Bows
 + Level 8.5 Crossbows
 + Level 8.5 Throwing
 + Level 8.5 Armour
 + Level 10.7 Dodging
 + Level 9.5 Stealth
 + Level 8.5 Shields
 + Level 8.5 Unarmed Combat
 + Level 8.5 Spellcasting
 + Level 7.1 Conjurations
 + Level 7.1 Hexes
 + Level 7.1 Charms
 + Level 7.1 Summonings
 + Level 7.1 Necromancy
 + Level 7.1 Translocations
 + Level 7.1 Transmutations
 + Level 7.1 Fire Magic
 + Level 7.1 Ice Magic
 + Level 7.1 Air Magic
 + Level 7.1 Earth Magic
 + Level 7.1 Poison Magic
 + Level 9.3 Invocations
 + Level 8.5 Evocations


You had 9 spell levels left.
You knew the following spells:

 Your Spells              Type           Power        Failure   Level  Hunger
a - Flame Tongue          Conj/Fire      #####        3%          1    None
b - Mephitic Cloud        Conj/Pois/Air  #####...     10%         3    None
c - Tukima's Dance        Hex            #####...     10%         3    None
h - Regeneration          Chrm/Necr      #####.....   10%         3    None
j - Conjure Flame         Conj/Fire      #####...     10%         3    None
k - Call Canine Familiar  Summ           #####...     10%         3    None
p - Sticky Flame          Conj/Fire      #####...     32%         4    ##.....

Your spell library contained the following spells:

 Spells                   Type           Power        Failure   Level  Hunger
 Animate Skeleton         Necr           N/A          3%          1    None
 Beastly Appendage        Tmut           #####.       3%          1    None
 Corona                   Hex            #####..      3%          1    None
 Magic Dart               Conj           ####         3%          1    None
 Pain                     Necr           ####         3%          1    None
 Sandblast                Erth           #####.       3%          1    None
 Summon Butterflies       Summ           #####...     3%          1    None
 Blink                    Tloc           N/A          4%          2    None
 Call Imp                 Summ           #####...     4%          2    None
 Ensorcelled Hibernation  Hex/Ice        #####.       4%          2    None
 Slow                     Hex            #####...     4%          2    None
 Throw Flame              Conj/Fire      #####.       4%          2    None
 Confuse                  Hex            #####...     10%         3    None
 Dazzling Spray           Conj/Hex       #####.       10%         3    None
 Inner Flame              Hex/Fire       #####...     10%         3    None
 Vampiric Draining        Necr           #####.....   10%         3    None
 Animate Dead             Necr           N/A          32%         4    ##.....
 Summon Ice Beast         Ice/Summ       #####...     32%         4    ##.....
 Fireball                 Conj/Fire      #####.....   67%         5    ####...
 Irradiate                Conj/Tmut      #####.....   67%         5    ####...
 Summon Mana Viper        Hex/Summ       #####...     67%         5    ####...
 Death Channel            Necr           #####.....   99%         6    ######.
 Hydra Form               Tmut           #####.....   99%         6    ######.
 Iron Shot                Conj/Erth      #####.....   99%         6    ######.
 Summon Hydra             Summ           #####.....   100%        7    #######


Dungeon Overview and Level Annotations

Branches:
Dungeon (12/15)            Temple (1/1) D:5            Lair (4/6) D:10
 Shoals (0/4) Lair:2        Snake (1/4) Lair:3          Orc (0/2) D:9
  Sewer (visited)          Bailey (visited)           IceCv (visited)

Altars:
Ashenzari
Cheibriados
Dithmenos
Elyvilon
Fedhas
Gozag
Hepliaklqana
Kikubaaqudgha
Makhleb
Nemelex Xobeh
Okawaru
Qazlal
Ru
Sif Muna
Trog
Uskayaw
Vehumet
Wu Jian
Xom
Yredelemnul
Zin
The Shining One

Shops:
D:5 }   D:6 *%   Snake:1 (!:[

Annotations:
D:8 1 runed translucent door, NeAGen181's ghost, novice DDNe
Lair:3 1 runed translucent door
Lair:4 exclusion: 2 oklob plants


Innate Abilities, Weirdness & Mutations

Your experience applies equally to all skills.
You have very sharp teeth.
Your uncanny sense of smell can sniff out nearby items.


Message History

You see here a hydra corpse.
You call on the dead to rise...
The dead are walking and flying!
You feel somewhat more hungry. The wyvern misses you.
The wyvern bites you but does no damage.
The basilisk gazes at you.
You easily resist.
You thump the basilisk! You burn the basilisk.
You bite the basilisk, but do no damage.
The basilisk is severely wounded.
The wyvern barely misses you.
Your wyvern zombie barely misses the basilisk.
The basilisk bites you!
* * * LOW HITPOINT WARNING * * *
The basilisk barely misses your wyvern zombie.
Your hippogriff zombie bites the wyvern!
Your hippogriff zombie barely misses the wyvern.
Your hippogriff zombie claws the wyvern.
Your wyvern zombie bites the basilisk!
The basilisk bites you!
You die...
Your body rises from the dead as a mindless zombie.

#.[........††......
#...#..P.†..#
##......l..P.#
#P.#......#### ∆
#>#.......#
#.#ll##### #.Z#Z# ∆
##llZ.# #Z@####
##..### ##
##P..#.##.###P
##..........#(.
#..............
##............#
#............(
#............#
#####+.†.####.


You could see 3 basilisks, a wyvern, a friendly five-headed hydra zombie, 2
friendly hippogriff zombies and a friendly wyvern zombie.

Vanquished Creatures
  Gastronok (Lair:2)
  Harold (D:7)
  Fannar (Lair:2)
  8 hydras
  Erica (D:9)
  3 two-headed ogres
  A shock serpent (Snake:1)
  A deep elf mage (D:12)
  A guardian serpent (Snake:1)
  A merfolk siren (Lair:2)
  Joseph (D:9)
  Maurice (D:8)
  Psyche (D:9)
  5 spiny frogs
  A black mamba (Lair:4)
  An ice statue (IceCv)
  3 rime drakes (Lair:3)
  3 komodo dragons
  2 trolls
  9 ice devils (IceCv)
  A polar bear (Lair:4)
  4 blink frogs
  11 hippogriffs
  Sigmund (D:3)
  A wraith (D:12)
  6 wyverns (Lair:4)
  14 yaks
  5 hungry ghosts
  5 basilisks (Lair:4)
  A steam dragon (Lair:3)
  4 nagas (Snake:1)
  5 water moccasins
  2 orc warriors
  6 porcupines
  2 black bears
  2 ice beasts
  An eye of draining (D:9)
  2 phantoms
  4 sky beasts
  2 centaurs
  6 ogres
  7 crocodiles
  7 bullfrogs
  2 big kobolds
  3 scorpions
  6 killer bees (D:7)
  5 wights (D:8)
  2 electric eels (Lair:4)
  A howler monkey (D:9)
  2 bullfrog zombies
  A centaur zombie (D:12)
  5 crimson imps
  A draconian simulacrum (IceCv)
  8 hounds
  2 bullfrog skeletons (D:7)
  4 jellies
  A gnoll shaman (D:10)
  A centaur skeleton (D:11)
  5 orc priests
  Jessica (D:3)
  2 iguanas
  13 orc wizards
  5 worker ants
  2 centaur simulacra (IceCv)
  A hound zombie (D:10)
  2 worker ant zombies
  11 adders
  8 gnolls
  4 naga simulacra (IceCv)
  2 ogre simulacra (IceCv)
  A shadow imp (D:8)
  2 adder zombies
  An adder skeleton (D:4)
  3 worms
  4 dart slugs
  5 leopard geckos
  23 orcs
  4 bats
  4 giant cockroaches
  12 goblins
  10 hobgoblins
  5 jackals
  17 kobolds
  5 quokkas
  2 ball pythons
  7 frilled lizards
  A jackal skeleton (D:4)
  2 leopard gecko skeletons
  A quokka zombie (D:8)
  7 rats
361 creatures vanquished.

Vanquished Creatures (collateral kills)
  A naga warrior (Snake:1)
  An anaconda (Snake:1)
  2 naga sharpshooters (Snake:1)
  A necromancer (IceCv)
  A salamander (Snake:1)
  2 guardian serpents
  4 black mambas
  An ice statue (IceCv)
  A gargoyle (D:12)
  3 hippogriffs
  A wyvern (Lair:3)
  A yak (Lair:4)
  2 water moccasins
  A porcupine (Lair:3)
  A phantom (D:9)
  3 bullfrogs
  A hound (D:9)
  A naga simulacrum (IceCv)
  A kobold (D:10)
  A bush (Lair:1)
  2 fungi
  A plant (Lair:1)
33 creatures vanquished.

Vanquished Creatures (others)
  A wraith (D:12)
  12 flying skulls
  A sky beast (D:9)
  2 yak zombies (D:11)
  3 wights
  A human zombie (D:9)
  A black bear skeleton (D:9)
  2 hound zombies (D:9)
  An orc zombie (D:8)
  3 fungi (Lair:4)
  5 plants (Lair:4)
  11 toadstools (Lair:3)
43 creatures vanquished.

Grand Total: 437 creatures vanquished

Notes
Turn   | Place    | Note
-------+----------+-------------------------------------------
     0 | D:1      | FishyPogo the Gnoll Monk began the quest for the Orb.
     0 | D:1      | Reached XP level 1. HP: 23/23 MP: 1/1
    57 | D:1      | Reached XP level 2. HP: 25/29 MP: 2/2
   355 | D:1      | You fall into a shaft and drop 1 floor!
   360 | D:2      | Reached XP level 3. HP: 35/35 MP: 3/3
   423 | D:3      | Found a glowing drain.
   432 | Sewer    | Entered a sewer
   492 | Sewer    | Noticed a crocodile
   502 | Sewer    | Killed a crocodile
   502 | Sewer    | Reached skill level 1 in Short Blades
   502 | Sewer    | Reached skill level 1 in Long Blades
   502 | Sewer    | Reached skill level 1 in Axes
   502 | Sewer    | Reached skill level 1 in Polearms
   502 | Sewer    | Reached skill level 1 in Staves
   502 | Sewer    | Reached skill level 1 in Slings
   502 | Sewer    | Reached skill level 1 in Bows
   502 | Sewer    | Reached skill level 1 in Crossbows
   502 | Sewer    | Reached skill level 1 in Throwing
   502 | Sewer    | Reached skill level 1 in Armour
   502 | Sewer    | Reached skill level 1 in Shields
   502 | Sewer    | Reached skill level 1 in Unarmed Combat
   502 | Sewer    | Reached skill level 1 in Spellcasting
   502 | Sewer    | Reached skill level 1 in Conjurations
   502 | Sewer    | Reached skill level 1 in Hexes
   502 | Sewer    | Reached skill level 1 in Charms
   502 | Sewer    | Reached skill level 1 in Summonings
   502 | Sewer    | Reached skill level 1 in Necromancy
   502 | Sewer    | Reached skill level 1 in Translocations
   502 | Sewer    | Reached skill level 1 in Transmutations
   502 | Sewer    | Reached skill level 1 in Fire Magic
   502 | Sewer    | Reached skill level 1 in Ice Magic
   502 | Sewer    | Reached skill level 1 in Air Magic
   502 | Sewer    | Reached skill level 1 in Earth Magic
   502 | Sewer    | Reached skill level 1 in Poison Magic
   502 | Sewer    | Reached skill level 1 in Invocations
   502 | Sewer    | Reached skill level 1 in Evocations
   502 | Sewer    | Reached XP level 4. HP: 41/41 MP: 5/5
   616 | D:3      | Reached XP level 5. HP: 47/47 MP: 6/6
   718 | D:3      | Noticed Jessica
   720 | D:3      | Killed Jessica
   767 | D:4      | Found a basalt altar of Yredelemnul.
   773 | D:4      | Became a worshipper of Yredelemnul the Dark
   773 | D:4      | Reached * piety under Yredelemnul
   773 | D:4      | Reached ** piety under Yredelemnul
   853 | D:4      | Reached XP level 6. HP: 49/53 MP: 8/8
  1797 | D:3      | Noticed Sigmund
  1812 | D:3      | Killed Sigmund
  1812 | D:3      | Reached XP level 7. HP: 44/59 MP: 10/10
  2062 | D:4      | Learned a level 3 spell: Tukima's Dance
  2292 | D:4      | You fall into a shaft and drop 3 floors!
  2333 | D:7      | Noticed Harold
  2464 | D:7      | Reached skill level 5 in Stealth
  2473 | D:7      | Reached *** piety under Yredelemnul
  2756 | D:7      | Reached XP level 8. HP: 31/67 MP: 12/12
  3200 | D:5      | Entered Level 5 of the Dungeon
  3278 | D:4      | Learned a level 3 spell: Regeneration
  3282 | D:4      | Got a crude ring mail
  3876 | D:5      | Found Jady's Gadget Boutique.
  3965 | D:5      | Found a staircase to the Ecumenical Temple.
  3971 | Temple   | Entered the Ecumenical Temple
  4247 | D:5      | Learned a level 3 spell: Conjure Flame
  4296 | D:6      | Reached XP level 9. HP: 71/72 MP: 14/14
  4374 | D:6      | Identified the +1 ring mail of the Vestibule of Hell {MR+}
                  | (You found it on level 4 of the Dungeon)
  4438 | D:6      | Found an iron altar of Okawaru.
  4479 | D:6      | Found a sparkling altar of Nemelex Xobeh.
  4480 | D:6      | Found Dach's Food Emporium.
  4624 | D:6      | Found Fieluu Qeem's Serpentskin Sales.
  5084 | D:6      | Found a hazy altar of Hepliaklqana.
  5399 | D:7      | Killed Harold
  5775 | D:8      | Reached skill level 5 in Invocations
  5820 | D:8      | Reached XP level 10. HP: 80/80 MP: 17/17
  5822 | D:8      | Noticed Maurice
  6171 | D:8      | Reached skill level 5 in Short Blades
  6171 | D:8      | Reached skill level 5 in Long Blades
  6171 | D:8      | Reached skill level 5 in Axes
  6171 | D:8      | Reached skill level 5 in Polearms
  6171 | D:8      | Reached skill level 5 in Staves
  6171 | D:8      | Reached skill level 5 in Slings
  6171 | D:8      | Reached skill level 5 in Bows
  6171 | D:8      | Reached skill level 5 in Crossbows
  6171 | D:8      | Reached skill level 5 in Throwing
  6171 | D:8      | Reached skill level 5 in Armour
  6171 | D:8      | Reached skill level 5 in Shields
  6171 | D:8      | Reached skill level 5 in Unarmed Combat
  6171 | D:8      | Reached skill level 5 in Spellcasting
  6171 | D:8      | Reached skill level 5 in Evocations
  6215 | D:8      | Received a gift from Yredelemnul (a wight)
  6262 | D:8      | Noticed a two-headed ogre
  6303 | D:8      | Learned a level 3 spell: Call Canine Familiar
  6319 | D:8      | Killed Maurice
  6371 | D:8      | Found a radiant altar of Vehumet.
  6481 | D:8      | Killed a two-headed ogre
  6521 | D:8      | Found a runed translucent door.
  6521 | D:8      | Found a shimmering altar of Xom.
  6521 | D:8      | Noticed NeAGen181's ghost (novice DDNe)
  6521 | D:8      | Noticed a +2 falchion of chaos
  6632 | D:9      | Noticed Joseph
  6648 | D:9      | Noticed Erica
  6662 | D:9      | Killed Erica
  6687 | D:9      | Found a burning altar of Makhleb.
  6735 | D:9      | Killed Joseph
  6773 | D:8      | Reached XP level 11. HP: 37/87 MP: 19/19
  6792 | D:9      | Your ally Joseph died
  7035 | D:9      | Found a staircase to the Orcish Mines.
  7081 | D:9      | Found a flagged portal.
  7092 | Bailey   | Entered a bailey
  7092 | Bailey   | Noticed an orc knight
  7092 | Bailey   | Noticed an orc knight
  7105 | D:9      | Found a shadowy altar of Dithmenos.
  7106 | D:9      | Noticed Psyche
  7113 | D:9      | Killed Psyche
  7113 | D:9      | Reached **** piety under Yredelemnul
  7180 | D:10     | Entered Level 10 of the Dungeon
  7180 | D:10     | Found a staircase to the Lair.
  7189 | D:10     | Received a gift from Yredelemnul (a wight)
  7197 | Lair:1   | Entered Level 1 of the Lair of Beasts
  7398 | D:10     | Got a faintly glowing chain mail
  7409 | D:10     | Identified the cursed +1 chain mail "Cuvusk" {rElec rPois
                  | Int+3 Dex-4} (You found it on level 10 of the Dungeon)
  7630 | D:10     | Reached skill level 5 in Conjurations
  7630 | D:10     | Reached skill level 5 in Hexes
  7630 | D:10     | Reached skill level 5 in Charms
  7630 | D:10     | Reached skill level 5 in Summonings
  7630 | D:10     | Reached skill level 5 in Necromancy
  7630 | D:10     | Reached skill level 5 in Translocations
  7630 | D:10     | Reached skill level 5 in Transmutations
  7630 | D:10     | Reached skill level 5 in Fire Magic
  7630 | D:10     | Reached skill level 5 in Ice Magic
  7630 | D:10     | Reached skill level 5 in Air Magic
  7630 | D:10     | Reached skill level 5 in Earth Magic
  7630 | D:10     | Reached skill level 5 in Poison Magic
  8151 | D:11     | Found a glowing silver altar of Zin.
  8467 | D:11     | Noticed a two-headed ogre
  8471 | D:11     | Killed a two-headed ogre
  8601 | D:11     | Noticed a seven-headed hydra
  8621 | D:11     | Killed a four-headed hydra
  9083 | D:12     | Noticed an eight-headed hydra
  9089 | D:12     | Noticed a five-headed hydra
  9092 | D:12     | Killed a two-headed hydra
  9099 | D:12     | Killed a one-headed hydra
  9099 | D:12     | Received a gift from Yredelemnul (a wraith)
  9481 | D:12     | Noticed a two-headed ogre
  9494 | D:12     | Killed a two-headed ogre
  9494 | D:12     | Reached XP level 12. HP: 44/96 MP: 22/22
  9760 | D:12     | Noticed an eight-headed hydra
  9898 | Lair:1   | Noticed a six-headed hydra
  9909 | Lair:1   | Killed a one-headed hydra
 10219 | Lair:1   | You fall into a shaft and drop 1 floor!
 10232 | Lair:2   | Received a gift from Yredelemnul (a wight)
 10372 | Lair:1   | Learned a level 3 spell: Mephitic Cloud
 10539 | Lair:1   | Identified the Handbook of Doomed Fire
 11012 | Lair:2   | Noticed Fannar
 11015 | Lair:2   | Noticed Gastronok
 11034 | Lair:2   | Killed Fannar
 11068 | Lair:2   | Killed Gastronok
 11473 | Lair:2   | Found a staircase to the Shoals.
 11572 | Lair:3   | Reached skill level 10 in Fighting
 11572 | Lair:3   | Reached skill level 10 in Maces & Flails
 11572 | Lair:3   | Reached skill level 10 in Dodging
 11604 | Lair:3   | Found a frozen archway.
 11611 | Lair:3   | Reached ***** piety under Yredelemnul
 11623 | IceCv    | Entered an ice cave
 11641 | IceCv    | Learned a level 1 spell: Flame Tongue
 11957 | IceCv    | Reached XP level 13. HP: 61/103 MP: 16/24
 12137 | IceCv    | Learned a level 4 spell: Sticky Flame
 12234 | IceCv    | Received a gift from Yredelemnul (4 flying skulls)
 12457 | Lair:3   | Found a staircase to the Snake Pit.
 12472 | Lair:3   | Received a gift from Yredelemnul (5 flying skulls)
 12477 | Snake:1  | Entered Level 1 of the Snake Pit
 12790 | Snake:1  | Found Roch's Distillery.
 12791 | Snake:1  | Found Eliebatz's Antique Armour Emporium.
 12791 | Snake:1  | Found Qearoo's Antique Weapon Shoppe.
 12794 | Snake:1  | Found Mec Pay's Book Emporium.
 12805 | Snake:1  | Bought an iridescent flail for 365 gold pieces
 12805 | Snake:1  | Identified the +8 flail of the Vendetta {flame, MP+9 Int+6}
                  | (You bought it in a shop on level 1 of the Snake Pit)
 12843 | Snake:1  | Bought an encrusted chain mail for 247 gold pieces
 12853 | Snake:1  | Identified the +1 chain mail of Yjeino {-Tele rC- MP+9
                  | Int+5} (You bought it in a shop on level 1 of the Snake
                  | Pit)
 13317 | Lair:3   | Identified the Incunabulum of Transmutation and Clay
 13862 | Lair:3   | Noticed a dire elephant
 13882 | Lair:3   | Found a runed translucent door.
 14560 | Lair:4   | Received a gift from Yredelemnul (3 flying skulls)
 14591 | Lair:4   | Slain by a basilisk

Levels and vault maps discovered:
D:1:      dpeg_arrival_simpleton_c, layout_basic
D:2:      layout_rooms, first_ration
D:3:      layout_loops_ring, cheibrodos_sewer_entry_bend,
          minmay_misc_feat_encased, minmay_misc_feat_square,
          nrook_mini_backslash, uniq_sigmund, uniq_jessica
D:4:      layout_loops_cross, old_standard_altar
D:5:      layout_loops_ring, minmay_temple_entry_fiery, serial_shops,
          nicolae_shop_stone, minmay_misc_feat_diagonals, st_stairs_1,
          minmay_fractal_squares_diagonal_5
D:6:      layout_gridville, gammafunk_temple_overflow_forgotten, serial_shops,
          nicolae_shop_trees, roderic_lattice_a, guppyfry_shop_venom
D:7:      layout_gridville, uniq_harold
D:8:      layout_rooms, vehumet_altar_wand_db, ebering_ghost_xom, uniq_maurice
D:9:      layout_rooms, makhleb_heckhound_becter, orc_0_dummy, enter_bailey_3,
          basic_altar, uniq_erica, uniq_joseph, uniq_psyche
D:10:     layout_roguey, lair_entry_dummy
D:11:     layout_loops_ring, basic_altar, grunt_ogre_cave
D:12:     layout_basic, hangedman_tell_no_tales
Temple:   nicolae_temple_elliptical
Lair:1:   layout_chaotic_city, serial_forest, infiniplex_forest_straight_3,
          infiniplex_forest_straight_2, infiniplex_forest_end_1,
          infiniplex_forest_lined_corner, infiniplex_forest_lined_corner,
          infiniplex_forest_lined_room_2, infiniplex_forest_clump_medium,
          infiniplex_forest_clump_double, infiniplex_forest_clump_C
Lair:2:   layout_cave_shapes, minmay_shoals_entry_lonely_mermaid,
          lemuel_fruit_fields, uniq_fannar, uniq_gastronok
Lair:3:   gammafunk_lair_enchanted_lake, layout_chaotic_city,
          minmay_snake_entry_spellcaster, portal_ice_cave_rime,
          infiniplex_staircase_pool_2
Lair:4:   layout_roguey [special_room_mythical_zoo], serial_bayou_lagoon_b,
          minmay_lair_oklob_chamber
Snake:1:  layout_cave_pods, nrook_guardian_serpent_ordinary, minmay_shoptagon

Skill      XL: |  1  2  3  4  5  6  7  8  9 10 11 12 13 |
---------------+----------------------------------------+-----
Short Blades   | 1 2 3 4 5 6 7 8 |  8.5
Long Blades    | 1 2 3 4 5 6 7 8 |  8.5
Axes           | 1 2 3 4 5 6 7 8 |  8.5
Polearms       | 1 2 3 4 5 6 7 8 |  8.5
Staves         | 1 2 3 4 5 6 7 8 |  8.5
Slings         | 1 2 3 4 5 6 7 8 |  8.5
Bows           | 1 2 3 4 5 6 7 8 |  8.5
Crossbows      | 1 2 3 4 5 6 7 8 |  8.5
Throwing       | 1 2 3 4 5 6 7 8 |  8.5
Armour         | 1 2 3 4 5 6 7 8 |  8.5
Shields        | 1 2 3 4 5 6 7 8 |  8.5
Unarmed Combat | 1 2 3 4 5 6 7 8 |  8.5
Spellcasting   | 1 2 3 4 5 6 7 8 |  8.5
Conjurations   | 1 2 3 4 5 6 7 |  7.1
Hexes          | 1 2 3 4 5 6 7 |  7.1
Charms         | 1 2 3 4 5 6 7 |  7.1
Summonings     | 1 2 3 4 5 6 7 |  7.1
Necromancy     | 1 2 3 4 5 6 7 |  7.1
Translocations | 1 2 3 4 5 6 7 |  7.1
Transmutations | 1 2 3 4 5 6 7 |  7.1
Fire Magic     | 1 2 3 4 5 6 7 |  7.1
Ice Magic      | 1 2 3 4 5 6 7 |  7.1
Air Magic      | 1 2 3 4 5 6 7 |  7.1
Earth Magic    | 1 2 3 4 5 6 7 |  7.1
Poison Magic   | 1 2 3 4 5 6 7 |  7.1
Invocations    | 1 2 3 4 5 6 7 8 9 |  9.3
Evocations     | 1 2 3 4 5 6 7 8 |  8.5
Fighting       | 7 8 9 10 | 10.7
Maces & Flails | 7 8 9 10 | 10.7
Dodging        | 7 8 9 10 | 10.7
Stealth        | 5 6 7 8 9 |  9.5

Action                   |  1- 3 |  4- 6 |  7- 9 | 10-12 | 13-15 || total
-------------------------+-------+-------+-------+-------+-------++-------
Melee: Mace              |    25 |       |       |       |       ||    25
       Bite              |     6 |    11 |    19 |    93 |    38 ||   167
       Whip              |    39 |   120 |   222 |   722 |    18 ||  1121
       Scimitar          |       |       |       |    94 |    70 ||   164
       Flail             |       |       |       |       |   213 ||   213
Throw: Stone             |     3 |       |     2 |       |       ||     5
       Dart              |       |       |     2 |       |       ||     2
       Boomerang         |       |       |       |    18 |     2 ||    20
 Cast: Regeneration      |       |       |     2 |     3 |     2 ||     7
       Call Canine Famil |       |       |       |     7 |     2 ||     9
       Flame Tongue      |       |       |       |     7 |    22 ||    29
       Tukima's Dance    |       |       |       |     2 |       ||     2
       Mephitic Cloud    |       |       |       |       |     3 ||     3
       Sticky Flame      |       |       |       |       |     2 ||     2
Invok: Animate Dead      |       |       |       |     4 |     1 ||     5
       Injury Mirror     |       |       |       |     3 |       ||     3
  Use: Scroll            |     6 |     2 |       |    11 |    11 ||    30
       Potion            |       |       |     6 |     9 |       ||    15
 Stab: Sleeping          |     9 |    10 |     7 |     9 |     4 ||    39
       Distracted        |       |     1 |     1 |     1 |     7 ||    10
       Confused          |       |       |       |       |     5 ||     5
  Eat: Chunk             |       |     3 |    13 |    21 |     6 ||    43
       Ration            |       |       |       |     2 |     1 ||     3
Armor: Robe              |     6 |    10 |    11 |       |     8 ||    35
       Ring mail         |       |       |    22 |    67 |       ||    89
       Chain mail        |       |       |       |   252 |   120 ||   372
       Leather armour    |       |       |       |       |     2 ||     2
       Swamp dragon scal |       |       |       |       |     2 ||     2
Dodge: Dodged            |    29 |    64 |   117 |   345 |   137 ||   692
       Deflected         |       |       |       |     2 |     3 ||     5
Block: Buckler           |     7 |    19 |    37 |   161 |    90 ||   314
       Rpst.: Scimitar   |       |       |       |    13 |     9 ||    22
